cohdb
Replays
Latest Replays
All Replays
Popular Replays
Top Player Replays
Match Explorer
How It Works
Community
CoH3 Stats
Reddit
Sign in to upload your games and track your stats! →
Sign in with Steam
Match 45554236
Unlisted
Match 45554236
Overview
Messages
Build Orders
End
Selects Italian Combined Arms Battlegroup
Selects Bersaglieri Squad
Bersaglieri Squad
250 Light Carrier
Bersaglieri Squad
Bersaglieri Squad
Construct Light Support Kompanie
Selects Bersaglieri Bolster
Combat Half-tracks
2.5-tonne Medical Truck
Panzerjäger Mechanized Group
Bersaglieri Squad
Selects Breda Model 30 Light Machine Guns
Bersaglieri Squad
Construct Mechanized Kompanie
Marder III Tank Destroyer
254 Reconnaissance Tractor
Fire Support Elements
Flakvierling Half-track
2.5-tonne Medical Truck
Construct Panzerarmee Kommand
Selects Semovente da 75/18 Assault Gun
Selects Strafing Run
Bersaglieri Squad
Armored Reserves
MG34 Team
Strafing Run
Tiger Heavy Tank
Strafing Run
Jason_Beebe
XxWhoDatGuyxX
Core/DeathCore
BABYDOG
shor
Exf
Gravey
撸啊撸么么叁
0
0
Comments
sign in to comment!
No comments posted yet!